MWL
WISCONSIN RAPIDS TIMBER RATTLERS @ DECATUR COMMODORES
05/19/1982
 
TOP OF THE 1ST
Wisconsin Rapids Timber Rattlers batting - Pitching for Decatur Commodores : LHP Rob Murphy
Pitching: LHP Rob Murphy
Batting: RHB Jim Presley 0-0: Called Strike
0-1: Ball
1-1: Ground out 4-3 (Groundball, 4S, EV 68.8 MPH)
Batting: RHB Barbaro Garbey 0-0: Ground out 6-3 (Groundball, 56, EV 84.4 MPH)
Batting: LHB Dion James 0-0: Ball
1-0: Ball
2-0: Fly out, F7 (Flyball, 78D, EV 93.8 MPH)
Top of the 1st over - 0 runs, 0 hits, 0 errors, 0 left on base; Wisconsin Rapids 0 - Decatur 0
BOTTOM OF THE 1ST
Decatur Commodores batting - Pitching for Wisconsin Rapids Timber Rattlers : LHP Michael Maack
Pitching: LHP Michael Maack
Batting: LHB Alexis Marte 0-0: Foul Ball, location: 2F
0-1: Ball
1-1: Fly out, F8 (Flyball, 89S, EV 86.3 MPH)
Batting: SHB Roger Holt 0-0: Ball
1-0: Ball
2-0: Ball
3-0: Base on Balls
Batting: SHB Rondin Johnson 0-0: Called Strike
0-1: Called Strike
Roger Holt is caught stealing 2nd base 2-4
0-2: Foul Ball, location: 2F
0-2: Ball
1-2: Fly out, F8 (Flyball, 8RM, EV 84.4 MPH)
Bottom of the 1st over - 0 runs, 0 hits, 0 errors, 0 left on base; Wisconsin Rapids 0 - Decatur 0
TOP OF THE 2ND
Wisconsin Rapids Timber Rattlers batting - Pitching for Decatur Commodores : LHP Rob Murphy
Batting: RHB Tim Pyznarski 0-0: Ball
1-0: SINGLE (Groundball, 34S, EV 65.6 MPH) (infield hit)
Batting: LHB Greg Smith 0-0: Ball
1-0: Called Strike
1-1: Ball
2-1: Ball
3-1: Base on Balls
Tim Pyznarski to second
Batting: RHB Darryl Motley 0-0: Foul Ball, location: 2F
0-1: Called Strike
0-2: Foul Ball, location: 2F
0-2: Foul Ball, location: 2F
0-2: Ball
1-2: Ball
2-2: Strikes out looking
Batting: LHB Jimmy Hickman 0-0: Called Strike
0-1: Grounds out, U3 (Groundball, 3L, EV 86.3 MPH)
Tim Pyznarski to third
Batting: RHB Al Pedrique 0-0: Ball
1-0: Ball
2-0: Ball
3-0: Called Strike
3-1: Foul Ball, location: 2F
3-2: Foul Ball, location: 2F
3-2: Base on Balls
Batting: RHB Phil Lombardi 0-0: Ball
1-0: Ball
2-0: Foul Ball, location: 2F
2-1: Fielders Choice at 2nd, 6-4 (Groundball, 6, EV 91.3 MPH)
Top of the 2nd over - 0 runs, 1 hit, 0 errors, 3 left on base; Wisconsin Rapids 0 - Decatur 0
BOTTOM OF THE 2ND
Decatur Commodores batting - Pitching for Wisconsin Rapids Timber Rattlers : LHP Michael Maack
Batting: SHB Daniel Wieser 0-0: Ball
1-0: DOUBLE (Flyball, 78D, EV 101.9 MPH)
Batting: RHB Michael Melton 0-0: Ball
1-0: Ball
2-0: Ground out U3 (Groundball, 34S, EV 89.4 MPH)
Daniel Wieser to third
Batting: LHB Jerry Miller 0-0: Called Strike
0-1: Called Strike
0-2: Ball
1-2: Fly out, F4 (Line Drive, 4, EV 70.0 MPH)
Batting: RHB William Kelley 0-0: SINGLE (Line Drive, 7S, EV 88.8 MPH)
Daniel Wieser scores
Batting: LHB Samuel Taves 0-0: Ball
1-0: Called Strike
1-1: Swinging Strike
1-2: DOUBLE (Groundball, 3L, EV 106.3 MPH)
William Kelley to third
Runner from 3rd tries for Home, SAFE, no throw by RF
Batting: RHB Rafael Sanchez 0-0: Called Strike
0-1: Called Strike
0-2: Ball
1-2: Fly out, F8 (Line Drive, 8LD, EV 91.9 MPH)
Bottom of the 2nd over - 2 runs, 3 hits, 0 errors, 1 left on base; Wisconsin Rapids 0 - Decatur 2
TOP OF THE 3RD
Wisconsin Rapids Timber Rattlers batting - Pitching for Decatur Commodores : LHP Rob Murphy
Batting: RHB Jim Presley 0-0: Ball
1-0: DOUBLE (Line Drive, 78D, EV 107.5 MPH)
Batting: RHB Barbaro Garbey 0-0: Ball
1-0: Fly out, F8 (Flyball, 78S, EV 96.9 MPH)
Batting: LHB Dion James 0-0: Ball
1-0: Ground out 6-3 (Groundball, 6S, EV 69.4 MPH)
Jim Presley to third
Batting: RHB Tim Pyznarski 0-0: Called Strike
0-1: Ball
1-1: Foul Ball, location: 2F
1-2: Strikes out swinging
Top of the 3rd over - 0 runs, 1 hit, 0 errors, 1 left on base; Wisconsin Rapids 0 - Decatur 2
BOTTOM OF THE 3RD
Decatur Commodores batting - Pitching for Wisconsin Rapids Timber Rattlers : LHP Michael Maack
Batting: LHB Alexis Marte 0-0: Foul Ball, location: 2F
0-1: Ball
1-1: Ball
2-1: Ball
3-1: Ground out 6-3 (Groundball, 56, EV 98.1 MPH)
Batting: SHB Roger Holt 0-0: Called Strike
0-1: Ball
1-1: Ball
2-1: Called Strike
2-2: Foul Ball, location: 2F
2-2: Foul Ball, location: 2F
2-2: Ball
3-2: Foul Ball, location: 2F
3-2: Fly out, F6 (Line Drive, 6, EV 66.9 MPH)
Batting: SHB Rondin Johnson 0-0: Fly out, F8 (Flyball, 8LS, EV 95.6 MPH)
Bottom of the 3rd over - 0 runs, 0 hits, 0 errors, 0 left on base; Wisconsin Rapids 0 - Decatur 2
TOP OF THE 4TH
Wisconsin Rapids Timber Rattlers batting - Pitching for Decatur Commodores : LHP Rob Murphy
Batting: LHB Greg Smith 0-0: Reached on error, E5 (Groundball, 15, EV 83.1 MPH)
Batting: RHB Darryl Motley 0-0: Ball
1-0: Foul Ball, location: 2F
1-1: Swinging Strike
1-2: Strikes out swinging
Batting: LHB Jimmy Hickman 0-0: Ball
1-0: Foul Ball, location: 2F
1-1: Ball
2-1: Ball
3-1: Fly out, F7 (Flyball, 7D, EV 105.0 MPH)
Batting: RHB Al Pedrique 0-0: Called Strike
0-1: Swinging Strike
0-2: Ball
1-2: Ball
2-2: Strikes out swinging
Top of the 4th over - 0 runs, 0 hits, 1 error, 1 left on base; Wisconsin Rapids 0 - Decatur 2
BOTTOM OF THE 4TH
Decatur Commodores batting - Pitching for Wisconsin Rapids Timber Rattlers : LHP Michael Maack
Batting: SHB Daniel Wieser 0-0: Ball
1-0: Ball
2-0: Called Strike
2-1: Ball
3-1: Foul Ball, location: 2F
3-2: Strikes out swinging
Batting: RHB Michael Melton 0-0: Ball
1-0: Called Strike
1-1: Ball
2-1: Ball
3-1: Fly out, F8 (Flyball, 78XD, EV 98.8 MPH)
Batting: LHB Jerry Miller 0-0: Ball
1-0: Ball
2-0: Foul Ball, location: 2F
2-1: Foul Ball, location: 2F
2-2: Reached on error, E6 (Groundball, 6S, EV 73.1 MPH)
Batting: RHB William Kelley 0-0: Ball
1-0: Foul Ball, location: 2F
1-1: Ball
2-1: Swinging Strike
2-2: Foul Ball, location: 2F
2-2: Ball
3-2: Strikes out swinging
Bottom of the 4th over - 0 runs, 0 hits, 1 error, 1 left on base; Wisconsin Rapids 0 - Decatur 2
TOP OF THE 5TH
Wisconsin Rapids Timber Rattlers batting - Pitching for Decatur Commodores : LHP Rob Murphy
Batting: RHB Phil Lombardi 0-0: Ball
1-0: Ball
2-0: Ball
3-0: Called Strike
3-1: Base on Balls
Batting: RHB Jim Presley 0-0: Ball
1-0: Foul Ball, location: 2F
1-1: SINGLE (Flyball, 4D, EV 90.6 MPH)
Phil Lombardi to second
Batting: RHB Barbaro Garbey 0-0: Ball
1-0: Fly out, F7 (Line Drive, 7, EV 91.3 MPH)
Batting: LHB Dion James 0-0: Ball
1-0: Foul Ball, location: 2F
1-1: Fielders Choice at 2nd, 4-6 (Groundball, 4, EV 100.0 MPH)
Phil Lombardi to third
Batting: RHB Tim Pyznarski 0-0: Ball
1-0: Foul Ball, location: 2F
1-1: Ball
2-1: Called Strike
2-2: Foul Ball, location: 2F
2-2: Ball
3-2: Base on Balls
Dion James to second
Batting: LHB Greg Smith 0-0: Ball
1-0: Ground out U3 (Groundball, 3, EV 106.9 MPH)
Top of the 5th over - 0 runs, 1 hit, 0 errors, 3 left on base; Wisconsin Rapids 0 - Decatur 2
BOTTOM OF THE 5TH
Decatur Commodores batting - Pitching for Wisconsin Rapids Timber Rattlers : LHP Michael Maack
Batting: LHB Samuel Taves 0-0: Foul Ball, location: 2F
0-1: Swinging Strike
0-2: Ball
1-2: Ball
2-2: Strikes out swinging
Batting: RHB Rafael Sanchez 0-0: Foul Ball, location: 2F
0-1: Foul Ball, location: 2F
0-2: Ball
1-2: Strikes out swinging
Batting: LHB Alexis Marte 0-0: Ball
1-0: Fly out, F8 (Flyball, 8RD, EV 85.0 MPH)
Bottom of the 5th over - 0 runs, 0 hits, 0 errors, 0 left on base; Wisconsin Rapids 0 - Decatur 2
TOP OF THE 6TH
Wisconsin Rapids Timber Rattlers batting - Pitching for Decatur Commodores : LHP Rob Murphy
Batting: RHB Darryl Motley 0-0: Ball
1-0: Ball
2-0: Swinging Strike
2-1: Ball
3-1: Base on Balls
Batting: LHB Jimmy Hickman 0-0: Ball
1-0: 2-RUN HOME RUN (Flyball, 89XD, EV 110.0 MPH), Distance : 422 ft
Batting: RHB Al Pedrique 0-0: Called Strike
0-1: Ball
1-1: SOLO HOME RUN (Flyball, 7D, EV 111.3 MPH), Distance : 380 ft
Pitching: RHP Denny Schafer
Batting: RHB Phil Lombardi 0-0: SINGLE (Groundball, 56D, EV 98.1 MPH)
Batting: RHB Jim Presley 0-0: Ball
1-0: Ground out 6-3 (Groundball, P, EV 83.8 MPH)
Phil Lombardi to second
Batting: RHB Barbaro Garbey 0-0: Called Strike
0-1: Fly out, F6 (Line Drive, 6, EV 70.6 MPH)
Batting: LHB Dion James 0-0: Ball
1-0: Called Strike
1-1: Ball
2-1: Fly out, F8 (Flyball, 8RD, EV 90.6 MPH)
Top of the 6th over - 3 runs, 3 hits, 0 errors, 1 left on base; Wisconsin Rapids 3 - Decatur 2
BOTTOM OF THE 6TH
Decatur Commodores batting - Pitching for Wisconsin Rapids Timber Rattlers : LHP Michael Maack
Batting: SHB Roger Holt 0-0: Fly out, F7 (Flyball, 7D, EV 85.0 MPH)
Batting: SHB Rondin Johnson 0-0: Called Strike
0-1: Ball
1-1: Ball
2-1: Ball
3-1: Swinging Strike
3-2: Foul Ball, location: 2F
3-2: SINGLE (Flyball, 4D, EV 86.3 MPH)
Batting: SHB Daniel Wieser 0-0: Called Strike
Rondin Johnson steals 2nd base
0-1: Ball
1-1: Swinging Strike
1-2: Ball
2-2: Foul Ball, location: 2F
2-2: Fly out, F9 (Flyball, 9LD, EV 87.5 MPH)
Runner from 2nd tags up, SAFE at 3rd, no throw by RF
Batting: RHB Michael Melton 0-0: Called Strike
0-1: Ball
1-1: Called Strike
1-2: Foul Ball, location: 2F
1-2: Ball
2-2: Ball
3-2: Ground out 6-3 (Groundball, 6, EV 88.1 MPH)
Bottom of the 6th over - 0 runs, 1 hit, 0 errors, 1 left on base; Wisconsin Rapids 3 - Decatur 2
TOP OF THE 7TH
Wisconsin Rapids Timber Rattlers batting - Pitching for Decatur Commodores : RHP Denny Schafer
Batting: RHB Tim Pyznarski 0-0: Called Strike
0-1: Swinging Strike
0-2: Foul Ball, location: 2F
0-2: Ball
1-2: Ball
2-2: Foul Ball, location: 2F
2-2: Strikes out looking
Batting: LHB Greg Smith 0-0: Foul Ball, location: 2F
0-1: Ball
1-1: Foul Ball, location: 2F
1-2: Foul Ball, location: 2F
1-2: Ball
2-2: Foul Ball, location: 2F
2-2: Ground out 6-3 (Groundball, 6, EV 83.8 MPH)
Batting: RHB Darryl Motley 0-0: Swinging Strike
0-1: Fly out, F8 (Flyball, 78D, EV 96.9 MPH)
Top of the 7th over - 0 runs, 0 hits, 0 errors, 0 left on base; Wisconsin Rapids 3 - Decatur 2
BOTTOM OF THE 7TH
Decatur Commodores batting - Pitching for Wisconsin Rapids Timber Rattlers : LHP Michael Maack
Pitching: RHP Steve Korczyk
Batting: LHB Jerry Miller 0-0: Ball
1-0: Called Strike
1-1: Foul Ball, location: 2F
1-2: Ground out 6-3 (Groundball, 6S, EV 83.8 MPH)
Batting: RHB William Kelley 0-0: Ball
1-0: Called Strike
1-1: Foul Ball, location: 2F
1-2: Ball
2-2: Ball
3-2: Foul Ball, location: 2F
3-2: Strikes out swinging
Batting: LHB Samuel Taves 0-0: Called Strike
0-1: Ball
1-1: Foul Ball, location: 2F
1-2: Ball
2-2: Ball
3-2: Foul Ball, location: 2F
3-2: Foul Ball, location: 2F
3-2: Base on Balls
Batting: RHB Rafael Sanchez 0-0: TRIPLE (Flyball, 89XD, EV 108.1 MPH)
Samuel Taves scores
Batting: LHB Alexis Marte 0-0: Ball
1-0: Ball
2-0: Ground out U3 (Groundball, 3, EV 81.3 MPH)
Bottom of the 7th over - 1 run, 1 hit, 0 errors, 1 left on base; Wisconsin Rapids 3 - Decatur 3
TOP OF THE 8TH
Wisconsin Rapids Timber Rattlers batting - Pitching for Decatur Commodores : RHP Denny Schafer
Batting: LHB Jimmy Hickman 0-0: Ball
1-0: SINGLE (Line Drive, 7S, EV 102.5 MPH)
Batting: RHB Al Pedrique 0-0: Ball
1-0: Ball
2-0: Bunt missed!
2-1: Bunt missed!
2-2: Foul Ball, location: 2F
2-2: Grounds into double play, 6-4-3 (Groundball, 6, EV 81.9 MPH)
Batting: RHB Phil Lombardi 0-0: Ball
1-0: Ball
2-0: Called Strike
2-1: DOUBLE (Flyball, 9LD, EV 99.4 MPH)
Batting: RHB Jim Presley 0-0: Ball
1-0: Ball
2-0: Ground out 6-3 (Groundball, 6M, EV 97.5 MPH)
Top of the 8th over - 0 runs, 2 hits, 0 errors, 1 left on base; Wisconsin Rapids 3 - Decatur 3
BOTTOM OF THE 8TH
Decatur Commodores batting - Pitching for Wisconsin Rapids Timber Rattlers : RHP Steve Korczyk
Batting: SHB Roger Holt 0-0: Ball
1-0: Ball
2-0: Ball
3-0: Base on Balls
Batting: SHB Rondin Johnson 0-0: Called Strike
Roger Holt steals 2nd base
0-1: Ground out 4-3 (Groundball, 34, EV 85.6 MPH)
Roger Holt to third
Batting: SHB Daniel Wieser 0-0: Intentional Walk
Batting: RHB Michael Melton 0-0: Ball
1-0: Ball
2-0: Called Strike
2-1: Called Strike
2-2: Reached on error, E6 (Groundball, 6, EV 97.5 MPH)
Roger Holt scores
Daniel Wieser to second
Batting: LHB Jerry Miller 0-0: Foul Ball, location: 2F
0-1: Ball
1-1: Ball
2-1: SINGLE (Line Drive, 89S, EV 111.3 MPH)
Daniel Wieser to third
Michael Melton to second
Pitching: RHP Mark Williamson
Batting: RHB William Kelley 0-0: Called Strike
0-1: Foul Ball, location: 2F
0-2: Ball
1-2: Strikes out swinging
Batting: LHB Samuel Taves 0-0: Ground out U3 (Groundball, 3S, EV 61.3 MPH)
Bottom of the 8th over - 1 run, 1 hit, 1 error, 3 left on base; Wisconsin Rapids 3 - Decatur 4
TOP OF THE 9TH
Wisconsin Rapids Timber Rattlers batting - Pitching for Decatur Commodores : RHP Denny Schafer
Pitching: RHP Luis Guzman
Batting: RHB Barbaro Garbey 0-0: Ball
1-0: Called Strike
1-1: Ball
2-1: Foul Ball, location: 2F
2-2: Ground out 6-3 (Groundball, 56, EV 88.1 MPH)
Batting: LHB Dion James 0-0: Called Strike
0-1: Called Strike
0-2: Ball
1-2: Foul Ball, location: 2F
1-2: Ball
2-2: Strikes out swinging
Batting: RHB Tim Pyznarski 0-0: Called Strike
0-1: Called Strike
0-2: Ball
1-2: Ball
2-2: Reached on error, E4 (Groundball, 34, EV 103.8 MPH)
Batting: LHB Greg Smith 0-0: Ball
1-0: DOUBLE (Flyball, 8LXD, EV 105.0 MPH)
Tim Pyznarski to third
Runner from 3rd tries for Home, SAFE, throw by CF to home
Batting: RHB Darryl Motley 0-0: Foul Ball, location: 2F
0-1: Called Strike
0-2: Ball
1-2: Ball
2-2: Foul Ball, location: 2F
2-2: Ball
3-2: Strikes out swinging
Top of the 9th over - 1 run, 1 hit, 1 error, 1 left on base; Wisconsin Rapids 4 - Decatur 4
BOTTOM OF THE 9TH
Decatur Commodores batting - Pitching for Wisconsin Rapids Timber Rattlers : RHP Mark Williamson
Pitching: LHP Scott Bailes
Batting: RHB Rafael Sanchez 0-0: Ball
1-0: Ground out 5-3 (Groundball, 56S, EV 88.8 MPH)
Batting: RHB Rex Farrior 0-0: Called Strike
0-1: Ball
1-1: Foul Ball, location: 2F
1-2: Ball
2-2: Ball
3-2: Foul Ball, location: 2F
3-2: Foul Ball, location: 2F
3-2: Base on Balls
Batting: SHB Roger Holt 0-0: Foul Ball, location: 2F
0-1: Ball
1-1: Bunted foul
1-2: Ball
2-2: Foul Ball, location: 2F
2-2: Foul Ball, location: 2F
2-2: Foul Ball, location: 2F
2-2: Ball
3-2: Base on Balls
Rex Farrior to second
Batting: SHB Rondin Johnson 0-0: Ball
1-0: Called Strike
1-1: Foul Ball, location: 2F
1-2: Ball
2-2: SINGLE (Line Drive, 5D, EV 96.3 MPH)
Rex Farrior to third
Roger Holt to second
Runner from 3rd tries for Home, SAFE, throw by LF to home
Bottom of the 9th over - 1 run, 1 hit, 0 errors, 0 left on base; Wisconsin Rapids 4 - Decatur 5
Friday, July 31st, 2020 - OOTP Baseball 21.5 Build 76